 Dungeon Crawl Stone Soup version 0.17-a0-1920-gafa4d75 (webtiles) character file.

269 Goblin1989 the Grappler (level 6, -1/49 (51) HPs)
             Began as a Ghoul Monk on Sept 26, 2015.
             Slain by a goblin
             ... wielding a +0 club
             ... led by Robin
              (3 damage)
             ... on level 4 of the Dungeon on Sept 27, 2015.
             The game lasted 00:07:56 (2367 turns).

Goblin1989 the Grappler (Ghoul Monk)                Turns: 2367, Time: 00:07:56

HP:   -1/49 (51)    AC:  6    Str: 17    XL:     6   Next: 22%
MP:   5/5           EV: 11    Int:  5    God:
Gold: 63            SH:  0    Dex: 11    Spells: 0 memorised, 5 levels left

rFire  . . .     SeeInvis .       - Unarmed
rCold  + . .     Clarity  .     j - +0 ring mail
rNeg   + + +     SustAt   .     (no shield)
rPois  ∞         Gourm    .     (no helmet)
rElec  .         Spirit   .     c - +0 cloak
rCorr  .         Warding  .     (no gloves)
rMut   .         Stasis   .     (no boots)
MR     .....                    (no amulet)
Stlth  +.........               l - ring of wizardry
                                e - ring of flight

@: rotting, not resistant to hostile enchantments, very unstealthy
A: rotting body, claws 1, carnivore 3, cold resistance 1, negative energy
resistance 3, slow healing 1, torment resistance, unbreathing
a: Evoke Flight


You were on level 4 of the Dungeon.
You were not hungry.

You visited 1 branch of the dungeon, and saw 4 of its levels.

You collected 63 gold pieces.

Inventory:

Armour
 c - a +0 cloak (worn)
 j - a +0 ring mail (worn)
Jewellery
 e - a ring of flight (left claw)
 l - a ring of wizardry (right claw)
Magical devices
 s - a wand of disintegration (5)
Scrolls
 d - 4 scrolls of teleportation {unknown}
 g - 2 scrolls of noise {unknown}
 h - 4 scrolls of identify {unknown}
 k - a scroll of amnesia {unknown}
 o - a scroll of recharging {unknown}
 r - a scroll of immolation {unknown}
Potions
 a - a potion of degeneration {unknown}
 i - 4 potions of curing {unknown}
 m - a potion of flight {unknown}
 n - a potion of berserk rage
 p - a potion of brilliance {unknown}
 q - a potion of haste {unknown}
Comestibles
 b - 5 meat rations
 f - 2 slices of pizza
 t - 2 royal jellies


   Skills:
 - Level 3.2 Fighting
 - Level 2.6 Dodging
 - Level 2.1 Stealth
 + Level 8.0 Unarmed Combat


You had 5 spell levels left.
You didn't know any spells.

Dungeon Overview and Level Annotations

Branches:
Dungeon (4/15)
 Temple: D:4-7

Altars:
Okawaru
Trog
Yredelemnul

Annotations:
D:4 Robin


Innate Abilities, Weirdness & Mutations

Your body is rotting away.
You thrive on raw meat.
You are immune to poison.
You have sharp fingernails.
You are carnivorous and can eat meat at any time.
Your flesh is cold resistant.
You are immune to negative energy.
You heal slowly when monsters are visible.
You are immune to unholy pain and torment.
You can survive without breathing.


Message History

The goblin hits you but does no damage. The goblin hits you.
* * * LOW HITPOINT WARNING * * *
The goblin misses you. x2
Robin roars a battlecry!
The goblins go into a battle-frenzy!
You hear a shout!
The goblin hits you.
* * * LOW HITPOINT WARNING * * *
The goblin hits you but does no damage. The goblin hits you.
* * * LOW HITPOINT WARNING * * *
The goblin hits you but does no damage. The goblin hits you but does no damage.
Robin roars a battlecry!
The goblin goes into a battle-frenzy!
The goblin hits you but does no damage. The goblin hits you.
* * * LOW HITPOINT WARNING * * *
The goblin hits you with a club.
You die...

#.## ### #.# ####
#.####.# ..#
#......# #.#
######## ### #g#
########.. #g#
#........# #g#
#.######.# #@# #.#
#.. #g# #.# #.#
#.# #.# #.# #.#
##.## #.. #.#
##...## #.#
#.#####.....####.<
#.##...........###
#.##.##.....#####.
#.##.##.....# #.


You could see Robin and 3 goblins.

Vanquished Creatures
  An ogre (D:3)
  Jessica (D:2)
  A worker ant (D:3)
  3 adders
  2 gnolls
  3 oozes
  A worm (D:2)
  4 giant geckos
  2 orcs (D:3)
  2 ball pythons
  3 giant cockroaches
  6 hobgoblins
  6 jackals
  6 kobolds
  2 quokkas
  8 bats
  A giant gecko skeleton (D:4)
  4 giant newts
  16 goblins
  A quokka skeleton (D:4)
  5 rats
78 creatures vanquished.

Notes
Turn   | Place    | Note
--------------------------------------------------------------
     0 | D:1      | Goblin1989 the Ghoul Monk began the quest for the Orb.
     0 | D:1      | Reached XP level 1. HP: 19/19 MP: 0/0
    67 | D:1      | Reached XP level 2. HP: 23/26 MP: 1/1
   114 | D:1      | Reached skill level 5 in Unarmed Combat
   164 | D:1      | Reached XP level 3. HP: 19/31 MP: 2/2
   626 | D:2      | Noticed Jessica
   699 | D:2      | Killed Jessica
   699 | D:2      | Reached skill level 6 in Unarmed Combat
   699 | D:2      | Reached XP level 4. HP: 31/38 MP: 3/3
  1442 | D:3      | Reached XP level 5. HP: 45/45 MP: 4/4
  1551 | D:3      | Reached skill level 7 in Unarmed Combat
  1879 | D:3      | Noticed an ogre
  1889 | D:3      | HP: 2/44 [ogre/giant club (10)]
  1892 | D:3      | Killed an ogre
  1892 | D:3      | Reached XP level 6. HP: 2/50 MP: 5/5
  1906 | D:3      | HP: 1/50 [goblin/uncursed club (2)]
  2002 | D:3      | Upgraded the game from 0.17-a0-1914-gde4187c to 0.17-a0-1920-gafa4d75
  2064 | D:4      | Found a bloodstained altar of Trog.
  2065 | D:4      | Found an iron altar of Okawaru.
  2073 | D:4      | Reached skill level 8 in Unarmed Combat
  2117 | D:4      | Found a basalt altar of Yredelemnul.
  2294 | D:4      | Noticed Robin
  2367 | D:4      | HP: 2/49 [goblin[Robin] (3)]
  2367 | D:4      | Slain by a goblin

Vault maps used:
D:1:      enne_arrival_octagon_isle
D:2:      uniq_jessica
D:3:      first_bread, st_stairs_4, minmay_ogre_servants
D:4:      grunt_temple_overflow_bloody_war, lemuel_doored_altar,
          minmay_temple_entry_crystal_x, serial_shops, shop_scrolls,
          amalloy_card_club, uniq_crazy_yiuf_cottage, uniq_robin,
          uniq_blork_the_orc

Action                   |  1- 3 |  4- 6 || total
-------------------------+-------+-------++-------
Melee: Unarmed           |    68 |   151 ||   219
 Stab: Sleeping          |     6 |     1 ||     7
  Eat: Chunk             |     8 |    34 ||    42
